 Dungeon Sprint DCSS version 0.18.1-5-g4a78601 (webtiles) character file.

453216 pipel the Conqueror (level 23, -1/219 HPs)
             Began as a Formicid Fighter on May 14, 2016.
             Was the Champion of Okawaru.
             Slain by a greater mummy (19 damage)
             ... in the Dungeon (Sprint IX: "|||||||||||||||||||||||||||||").
             The game lasted 01:47:22 (14585 turns).

pipel the Conqueror (Formicid Fighter)             Turns: 14585, Time: 01:47:22

Health: -1/219     AC: 43    Str: 22 (25) XL:     23   Next: 17%
Magic:  44/59      EV: 17    Int: 12      God:    Okawaru [******]
Gold:   91         SH: 29    Dex: 22      Spells: 6 memorised, 32 levels left

rFire  + + +     SeeInvis +     b - +11 scythe of pipel's Instant Death {drain, *Rage rElec rC+ MP+9 Stlth+}
rCold  . . .     Gourm    .     V - +5 gold dragon armour
rNeg   + . .     Faith    +     M - +2 large shield {rN+}
rPois  +         Spirit   .     (helmet unavailable)
rElec  +         Dismiss  .     N - +2 cloak of Least Resistance {rElec Dex+5 Slay+2}
rCorr  .         Reflect  .     R - +1 pair of gloves
SustAt .         Harm     .     Y - +2 pair of boots "Qoxer" {rC+}
MR     ++...                    c - amulet of faith
Stlth  ++........               W - ring of Qothud {rPois rF+ Dex+5}
                                P - ring of fire

@: immune to fire clouds, silence, deflect missiles, very resistant to hostile
enchantments, unstealthy
A: permanent stasis, dig shafts and tunnels, four strong arms, antennae 3
a: Dig, Renounce Religion
}: 7/15 runes: decaying, serpentine, barnacled, slimy, elven, silver, gossamer


You were in the Dungeon.
You worshipped Okawaru.
Okawaru was exalted by your worship.
You were not hungry.

You visited 1 branch You collected 1953 gold pieces.
You spent 1862 gold pieces at shops.

Inventory:

Hand Weapons
 b - the +11 scythe of pipel's Instant Death (weapon) {drain, *Rage rElec rC+ MP+9 Stlth+}
   (You found it in the Dungeon)

   A truly terrible weapon, it drains the life of those it strikes.
   It protects you from cold.
   It insulates you from electricity.
   It affects your magic capacity (+9).
   It may make you go berserk in combat.
   It makes you more stealthy.
 g - a +1 antimagic quarterstaff
 s - a +2 lajatang of pain
 v - the +5 great mace of Taeczu {crush, rElec}
   (You found it in the Dungeon)

   It inflicts extra damage upon your enemies.
   It insulates you from electricity.
 S - the +4 Staff of Dispater
   (You took it off Dispater in the Dungeon)
Missiles
 k - 22 javelins of returning
 A - 7 steel javelins
 E - 6 javelins of penetration (quivered)
 L - a throwing net
Armour
 q - a +2 cloak of magic resistance
 t - a +3 fire dragon armour
 M - a +2 large shield of positive energy (worn)
 N - the +2 cloak of Least Resistance (worn) {rElec Dex+5 Slay+2}
   (Okawaru gifted it to you in the Dungeon)

   It affects your dexterity (+5).
   It affects your accuracy and damage with ranged weapons and melee attacks
   (+2).
   It insulates you from electricity.
 R - a +1 pair of gloves (worn)
 V - a +5 gold dragon armour (worn)
 X - the +2 plate armour of Zeqong {+Inv rCorr Slay-2}
   (Okawaru gifted it to you in the Dungeon)

   It affects your accuracy and damage with ranged weapons and melee attacks
   (-2).
   It lets you turn invisible.
   It protects you from acid and corrosion.
 Y - the +2 pair of boots "Qoxer" (worn) {rC+}
   (Okawaru gifted it to you in the Dungeon)

   It protects you from cold.
Magical Staves
 p - an uncursed staff of energy
 y - an uncursed staff of cold
Jewellery
 a - the amulet of Music {Dismiss rN+ Str+5}
   (You found it in the Dungeon)

   [amulet of dismissal]

   It may teleport away creatures that harm you.
   It affects your strength (+5).
   It protects you from negative energy.
 c - an amulet of faith (around neck)
 d - the ring of the Shining Light {+Blink rC+ Int+4 SInv Stlth+}
   (You found it in the Dungeon)

   [ring of see invisible]

   It affects your intelligence (+4).
   It protects you from cold.
   It lets you see invisible.
   It lets you blink.
   It makes you more stealthy.
 o - the ring "Ehyst" {Fire +Fly}
   (You found it in the Dungeon)

   [ring of fire]

   It enhances your fire magic, and weakens your ice magic.
   It protects you from fire.
   It makes you vulnerable to cold.
   It lets you fly.
 r - an uncursed ring of wizardry
 I - the ring "Odut" {SustAt MR+ SInv}
   (You found it in the Dungeon)

   [ring of sustain attributes]

   It sustains your strength, intelligence and dexterity.
   It affects your resistance to hostile enchantments.
   It lets you see invisible.
 O - an uncursed ring of protection from magic
 P - a ring of fire (left hand)
 W - the ring of Qothud (right hand) {rPois rF+ Dex+5}
   (You found it in the Dungeon)

   [ring of poison resistance]

   It affects your dexterity (+5).
   It protects you from fire.
   It protects you from poison.
Wands
 w - a wand of teleportation (4/9)
 J - a wand of hasting (5/9)
Scrolls
 h - a scroll of fear
 j - a scroll of fog
 m - 10 scrolls of remove curse
 n - 3 scrolls of amnesia
 z - 5 scrolls of identify
 B - 5 scrolls of recharging
 F - 2 scrolls of enchant weapon
Potions
 e - 8 potions of curing
 i - 4 potions of magic
 l - 2 potions of agility
 u - a potion of ambrosia {unknown}
 x - a potion of resistance
 G - 3 potions of heal wounds
 K - a potion of lignification
 Q - 2 potions of brilliance
 T - 4 potions of might
 U - a potion of cure mutation
 Z - a potion of beneficial mutation {unknown}
Miscellaneous
 H - a lamp of fire (inert)
Comestibles
 f - 4 bread rations
 C - 43 fruits
 D - 11 meat rations


   Skills:
 O Level 27 Fighting
 O Level 27 Polearms
 - Level 14.1(22.1) Staves
 - Level 7.6 Throwing
 O Level 27 Armour
 + Level 16.6 Dodging
 * Level 22.7 Stealth
 O Level 27 Shields
 + Level 23.7 Spellcasting
 * Level 21.9 Conjurations
 + Level 17.5 Hexes
 + Level 19.5 Charms
 - Level 6.0 Transmutations
 * Level 18.9 Fire Magic
 - Level 19.0 Ice Magic
 - Level 14.3 Air Magic
 - Level 3.6 Invocations
 - Level 15.4 Evocations


You had 32 spell levels left.
You knew the following spells:

 Your Spells              Type           Power        Failure   Level  Hunger
a - Silence               Hex/Air        ######....   1%          5    ###....
b - Deflect Missiles      Chrm/Air       ######....   4%          6    #####..
c - Yara's Violent Unrav  Hex/Trmt       #####.....   8%          5    ###....
d - Freezing Cloud        Conj/Ice/Air   ##........   2%          6    #####..
e - Ring of Flames        Chrm/Fire      #######...   10%         7    ######.
f - Discord               Hex            ######....   98%         8    #######


Dungeon Overview and Level Annotations

Branches:
Dungeon (1/1)

Altars:
Cheibriados
Dithmenos
Elyvilon
Fedhas
Gozag
Kikubaaqudgha
Makhleb
Nemelex Xobeh
Okawaru
Pakellas
Qazlal
Ru
Sif Muna
Trog
Vehumet
Xom
Yredelemnul
Zin
The Shining One
Beogh
Jiyva
Lugonu

Shops:
D :**:


Innate Abilities, Weirdness & Mutations

You are under a permanent stasis effect.
You can dig through walls and to a lower floor.
Your four strong arms can wield two-handed weapons with a shield.
You have a pair of large antennae on your head (SInv).
You are immune to clouds of flame.


Message History

Pain shoots through your body.
The greater mummy is engulfed in roaring flames. x2
The greater mummy calls on the powers of darkness!
Your body is wracked with pain!
* * * LOW HITPOINT WARNING * * *
The greater mummy is engulfed in roaring flames.
You take 9 damage, and have 14/218 hp.
The greater mummy is engulfed in roaring flames.
The greater mummy points at you and mumbles some strange words.
Something smites you!
* * * LOW HITPOINT WARNING * * *
The greater mummy is engulfed in roaring flames.
You take 12 damage, and have 2/218 hp.
Drink which item? (? for menu, Esc to quit)
You feel much better.
The greater mummy is engulfed in roaring flames.
The greater mummy casts a spell.
The greater mummy is engulfed in roaring flames.
The greater mummy hits you!!
You die...

..(........'.'.')[.)...........['
▓▓▓▓▓▓▓▓▓▓▓▓▓▓▓▓▓▓▓▓▓▓▓▓▓▓▓▓▓▓▓▓▓
.................................
♣♣♣♣♣♣♣♣♣▓▓▓▓▓▓▓▓▓▓▓▓▓▓▓▓▓▓▓▓▓▓▓▓
....)..)(())(()))).)....'.[......
♣♣♣♣♣♣♣♣♣▓▓▓▓▓▓▓▓▓▓▓▓▓▓▓▓▓▓▓▓▓▓▓▓
.................................
▓▓▓▓▓▓▓▓▓▓▓▓▓▓▓▓▓▓▓▓▓▓▓▓▓▓▓▓▓▓▓▓▓
'..........'...§@M§M§Z§MM§§§{{{+{
▓▓▓▓▓▓▓▓▓▓▓▓▓▓▓▓▓▓▓▓▓▓▓▓▓▓▓▓*****
,,,,,,,,,,,,,,,,,,,,,,,,,,,,,,,,,
*********************************
,,,,,,,,,,,,,,,,,,,,,,,,,+{+{,,{,
*********************************


You could see 3 greater mummies and a bat zombie.

Vanquished Creatures
  the Royal Jelly (D)
  Dispater (D)
  4 orbs of fire (D)
  Mennas (D)
  Mara (D)
  4 ancient liches (D)
  Frederick (D)
  Saint Roka (D)
  Margery (D)
  A Killer Klown (D)
  Xtahua (D)
  5 golden dragons (D)
  3 electric golems (D)
  Rupert (D)
  2 tentacled monstrosities (D)
  27 Orb Guardians (D)
  A lich (D)
  2 quicksilver dragons (D)
  3 deep elf master archers (D)
  2 deep elf blademasters (D)
  6 acid blobs (D)
  A death cob (D)
  Frances (D)
  12 sphinxes (D)
  Agnes (D)
  9 azure jellies (D)
  A draconian monk (D)
  8 shadow dragons (D)
  6 storm dragons (D)
  5 greater nagas (D)
  A tengu reaver (D)
  A fire giant (D)
  Ilsuiw (D)
  5 frost giants (D)
  A draconian knight (D)
  2 draconian scorchers (D)
  Wiglaf (D)
  5 emperor scorpions (D)
  A deep elf sorcerer (D)
  2 vault wardens (D)
  A draconian zealot (D)
  2 ghost moths (D)
  2 stone giants (D)
  A very ugly thing (D)
  A draconian annihilator (D)
  A draconian shifter (D)
  3 draconian callers (D)
  9 vampire knights (D)
  Nessos (D)
  A deep elf demonologist (D)
  3 green draconians (D)
  3 red draconians (D)
  2 black draconians (D)
  A purple draconian (D)
  3 deep elf annihilators (D)
  A white draconian (D)
  3 yellow draconians (D)
  A spark wasp (D)
  2 merfolk javelineers (D)
  3 ettins (D)
  23 vault guards (D)
  2 fire dragons (D)
  6 merfolk impalers (D)
  3 mummy priests (D)
  12 death oozes (D)
  3 ogre magi (D)
  3 deep elf high priests (D)
  A great orb of eyes (D)
  2 yaktaur captains (D)
  A rakshasa (D)
  5 naga warriors (D)
  2 entropy weavers (D)
  7 hydras (D)
  Harold (D)
  A merfolk avatar (D)
  An anaconda (D)
  6 ice dragons (D)
  3 centaur warriors (D)
  3 merfolk aquamancers (D)
  A death knight (D)
  2 alligators (D)
  A spriggan berserker (D)
  A tengu warrior (D)
  3 shock serpents (D)
  4 orc high priests (D)
  A deep elf knight (D)
  A small abomination (D)
  Nergalle (D)
  A sea snake (D)
  5 hell knights (D)
  A naga ritualist (D)
  A deep troll (D)
  5 swamp dragons (D)
  3 hill giants (D)
  2 wolf spiders (D)
  An orb spider (shapeshifter) (D)
  12 orc knights (D)
  A necromancer (D)
  3 orc sorcerers (D)
  2 griffons (D)
  3 ugly things (D)
  An oklob plant (D)
  3 manticores (D)
  11 moths of wrath (D)
  A cyclops (D)
  A salamander (D)
  An octopode (shapeshifter) (D)
  3 guardian serpents (D)
  2 black mambas (D)
  A naga mage (D)
  A gargoyle (D)
  An eye of devastation (shapeshifter) (D)
  8 spiny frogs (D)
  4 yaktaurs (D)
  A freezing wraith (D)
  A demonic crawler (D)
  16 guardian mummies (D)
  2 jumping spiders (D)
  2 merfolk (D)
  A queen bee (shapeshifter) (D)
  A troll (D)
  A snapping turtle (D)
  6 redbacks (D)
  12 spriggans (D)
  A redback (shapeshifter) (D)
  A wyvern (D)
  A yak (D)
  A tarantella (D)
  A wraith (D)
  A shadow (D)
  3 golden eyes (D)
  Grum (D)
  2 hippogriffs (D)
  3 wargs (D)
  2 mottled dragons (D)
  An insubstantial wisp (D)
  A naga (D)
  3 water moccasins (D)
  2 hell hounds (D)
  A hell hound (shapeshifter) (D)
  2 porcupines (D)
  3 giant eyeballs (D)
  6 orc warriors (D)
  An eye of draining (D)
  2 sky beasts (D)
  2 wasps (D)
  An ogre (D)
  2 centaurs (D)
  6 wolves (D)
  2 crocodiles (D)
  A big kobold (D)
  3 giant frogs (D)
  A scorpion (D)
  A crimson imp (D)
  A hound (D)
  4 orc priests (D)
  4 orc wizards (D)
  A worker ant (D)
  A sheep (D)
  2 adder skeletons (D)
  A dart slug (D)
  A giant gecko (D)
  13 orcs (D)
  2 bats (D)
  2 bat zombies (D)
  A goblin (D)
  A kobold (D)
  A ball python skeleton (D)
  A giant newt (D)
  A jackal zombie (D)
493 creatures vanquished.

Vanquished Creatures (collateral kills)
  A greater mummy (D)
  Boris (D)
  Nikola (D)
  An acid blob (D)
  A war gargoyle (D)
  2 vault guards (D)
  3 death oozes (D)
  A great orb of eyes (D)
  A rakshasa (D)
  A centaur warrior (D)
  A satyr (D)
  Urug (D)
  A shadow wraith (D)
  2 swamp dragons (D)
  An ironbrand convoker (D)
  An orc knight (D)
  A vault sentinel (D)
  2 yaktaurs (D)
  A guardian mummy (D)
  A redback (D)
25 creatures vanquished.

Vanquished Creatures (others)
  A storm dragon (D)
  Louise (D)
  A draconian annihilator (D)
  A deep elf death mage (D)
  2 moths of wrath (D)
  A crawling corpse (D)
7 creatures vanquished.

Grand Total: 525 creatures vanquished

Notes
Turn   | Place    | Note
--------------------------------------------------------------
     0 | D        | pipel the Formicid Fighter began the quest for the Orb.
     0 | D        | Reached XP level 1. HP: 18/18 MP: 1/1
     9 | D        | Reached XP level 2. HP: 23/25 MP: 2/2
    32 | D        | Noticed a crimson imp
    32 | D        | Noticed a sky beast
    41 | D        | Killed a sky beast
    41 | D        | Reached XP level 3. HP: 21/34 MP: 3/3
    41 | D        | Reached XP level 4. HP: 25/40 MP: 4/4
    41 | D        | Reached XP level 5. HP: 29/46 MP: 5/5
    54 | D        | Found a glowing silver altar of Zin.
    54 | D        | Found a glowing golden altar of the Shining One.
    54 | D        | Found an ancient bone altar of Kikubaaqudgha.
    54 | D        | Found a basalt altar of Yredelemnul.
    54 | D        | Found a shimmering altar of Xom.
    54 | D        | Found a radiant altar of Vehumet.
    55 | D        | Found an iron altar of Okawaru.
    56 | D        | Found a burning altar of Makhleb.
    57 | D        | Found a deep blue altar of Sif Muna.
    58 | D        | Found a bloodstained altar of Trog.
    59 | D        | Found a sparkling altar of Nemelex Xobeh.
    60 | D        | Found a white marble altar of Elyvilon.
    61 | D        | Found a roughly hewn altar of Beogh.
    62 | D        | Found a viscous altar of Jiyva.
    63 | D        | Became a worshipper of Warmaster Okawaru
    64 | D        | Found a corrupted altar of Lugonu.
    65 | D        | Found a blossoming altar of Fedhas.
    66 | D        | Found a snail-covered altar of Cheibriados.
    67 | D        | Found a shadowy altar of Dithmenos.
    68 | D        | Found a stormy altar of Qazlal.
    69 | D        | Found an opulent altar of Gozag.
    70 | D        | Found a sacrificial altar of Ru.
    71 | D        | Found an oddly glowing altar of Pakellas.
   170 | D        | Noticed a big kobold
   170 | D        | Noticed a water moccasin
   170 | D        | Noticed a sky beast
   192 | D        | Killed a big kobold
   192 | D        | Reached skill level 1 in Dodging
   192 | D        | Reached XP level 6. HP: 55/55 MP: 6/6
   196 | D        | Killed a water moccasin
   197 | D        | Killed a sky beast
   197 | D        | Reached * piety under Okawaru
   197 | D        | Reached skill level 10 in Shields
   197 | D        | Reached XP level 7. HP: 63/63 MP: 7/7
   210 | D        | Noticed a hippogriff
   217 | D        | Reached skill level 5 in Staves
   230 | D        | Reached XP level 8. HP: 72/72 MP: 1/8
   236 | D        | Reached ** piety under Okawaru
   236 | D        | Reached skill level 10 in Fighting
   259 | D        | Noticed Harold
   283 | D        | Killed Harold
   283 | D        | Reached *** piety under Okawaru
   283 | D        | Reached skill level 1 in Invocations
   283 | D        | Reached XP level 9. HP: 35/81 MP: 7/10
   579 | D        | Noticed a spiny frog
   579 | D        | Noticed a spiny frog
   583 | D        | Noticed a spiny frog
   590 | D        | Reached skill level 10 in Armour
   597 | D        | Killed a spiny frog
   597 | D        | Reached skill level 1 in Throwing
   602 | D        | Killed a spiny frog
   602 | D        | Reached **** piety under Okawaru
   602 | D        | Reached skill level 10 in Staves
   609 | D        | Killed a spiny frog
   613 | D        | Noticed a spiny frog
   875 | D        | Killed a spiny frog
   875 | D        | Reached skill level 5 in Dodging
   875 | D        | Reached XP level 10. HP: 89/89 MP: 12/12
   895 | D        | Noticed an oklob plant
   895 | D        | Noticed a spiny frog
   899 | D        | Noticed a black mamba
   906 | D        | Killed an oklob plant
   906 | D        | Reached skill level 1 in Stealth
   917 | D        | Killed a spiny frog
   919 | D        | Noticed a spiny frog
   933 | D        | Killed a black mamba
   933 | D        | Reached ***** piety under Okawaru
   941 | D        | Killed a spiny frog
   941 | D        | Reached skill level 5 in Stealth
  1244 | D        | Received a gift from Okawaru
  1244 | D        | Reached XP level 11. HP: 78/98 MP: 13/13
  1249 | D        | Reached skill level 15 in Shields
  1382 | D        | Noticed an orc high priest
  1399 | D        | Noticed a soul eater
  1408 | D        | Killed an orc high priest
  1408 | D        | Received a gift from Okawaru
  1431 | D        | Noticed an orc knight
  1448 | D        | Killed an orc knight
  1712 | D        | Noticed an orc knight
  1712 | D        | Noticed an orc sorcerer
  1712 | D        | Noticed an orc knight
  1712 | D        | Noticed an orc high priest
  1724 | D        | Killed an orc knight
  1729 | D        | Noticed an orc knight
  1737 | D        | Noticed an orc knight
  1739 | D        | Killed an orc sorcerer
  1745 | D        | Noticed a sixfirhy
  1913 | D        | Killed an orc knight
  2172 | D        | Killed an orc knight
  2203 | D        | Noticed a sun demon
  2222 | D        | Killed an orc high priest
  2222 | D        | Received a gift from Okawaru
  2239 | D        | Killed an orc knight
  2263 | D        | Reached skill level 15 in Fighting
  2481 | D        | Found Maloynist's Book Emporium.
  2481 | D        | Noticed an orc sorcerer
  2481 | D        | Noticed an orc knight
  2481 | D        | Noticed an orc knight
  2482 | D        | Noticed an orc high priest
  2485 | D        | Noticed an orc sorcerer
  2492 | D        | Killed an orc sorcerer
  2628 | D        | Killed an orc knight
  2628 | D        | Reached XP level 12. HP: 110/110 MP: 11/14
  2778 | D        | Killed an orc high priest
  2817 | D        | Found Zynischups's Assorted Antiques.
  2832 | D        | Noticed an orc high priest
  2847 | D        | Killed an orc high priest
  2852 | D        | Found Zagume's Assorted Antiques.
  2856 | D        | Found Keacyzoag's Book Shoppe.
  2952 | D        | Bought a scroll labeled ZUYROO MAMIYCU for 16 gold pieces
  2952 | D        | Bought a scroll labeled AWNUWA ZIAM for 16 gold pieces
  2956 | D        | Bought a lamp of fire for 880 gold pieces
  2958 | D        | Bought a book of Clouds for 450 gold pieces
  2958 | D        | Bought a book of Enchantments for 500 gold pieces
  3014 | D        | Noticed Grum
  3027 | D        | Killed Grum
  3067 | D        | Noticed Urug
  3080 | D        | Killed Urug
  3080 | D        | Received a gift from Okawaru
  3212 | D        | Noticed a centaur warrior
  3223 | D        | Killed a centaur warrior
  3224 | D        | Noticed a frost giant
  3230 | D        | Noticed an entropy weaver
  3258 | D        | Killed a frost giant
  3262 | D        | Noticed a great orb of eyes
  3274 | D        | HP: 3/117 [entropy weaver (13)]
  3275 | D        | Killed a great orb of eyes
  3278 | D        | Killed an entropy weaver
  3618 | D        | Noticed a fire dragon
  3621 | D        | Noticed a centaur warrior
  3622 | D        | Noticed a rakshasa
  3638 | D        | Killed a fire dragon
  3638 | D        | Reached skill level 5 in Throwing
  3638 | D        | Reached skill level 1 in Evocations
  3638 | D        | Reached XP level 13. HP: 53/125 MP: 15/15
  3643 | D        | Killed a rakshasa
  3646 | D        | Killed a centaur warrior
  3897 | D        | Noticed Nessos
  3925 | D        | Killed Nessos
  3925 | D        | Reached skill level 15 in Armour
  3959 | D        | Noticed Saint Roka
  3963 | D        | Reached ****** piety under Okawaru
  3968 | D        | Received a gift from Okawaru
  4684 | D        | Killed Saint Roka
  4895 | D        | Noticed Rupert
  4919 | D        | Killed Rupert
  5079 | D        | Noticed an anaconda
  5079 | D        | Noticed a naga warrior
  5091 | D        | Killed an anaconda
  5106 | D        | Noticed a greater naga
  5111 | D        | Killed a naga warrior
  5111 | D        | Received a gift from Okawaru
  5120 | D        | Killed a greater naga
  5120 | D        | Reached skill level 5 in Evocations
  5120 | D        | Reached XP level 14. HP: 27/139 MP: 17/17
  5525 | D        | Noticed an emperor scorpion
  5564 | D        | Killed an emperor scorpion
  5564 | D        | Received a gift from Okawaru
  5573 | D        | Got a bloodstained plate armour {god gift}
  5584 | D        | Identified the +2 plate armour of Zeqong {+Inv rCorr Slay-2} (Okawaru gifted it to you in the Dungeon)
  5905 | D        | Noticed Nergalle
  5915 | D        | Killed Nergalle
  5932 | D        | Noticed Frances
  5951 | D        | Killed Frances
  6037 | D        | Noticed Agnes
  6045 | D        | Killed Agnes
  6111 | D        | Noticed a frost giant
  6116 | D        | Noticed a white very ugly thing
  6121 | D        | Noticed a stone giant
  6127 | D        | Killed a frost giant
  6129 | D        | Reached skill level 10 in Dodging
  6134 | D        | Killed a white very ugly thing
  6134 | D        | Reached XP level 15. HP: 81/151 MP: 19/21
  6141 | D        | Killed a stone giant
  6141 | D        | Received a gift from Okawaru
  6387 | D        | Noticed a frost giant
  6399 | D        | Killed a frost giant
  6515 | D        | Noticed a vault warden
  6527 | D        | Killed a vault warden
  6537 | D        | Noticed a vault warden
  6554 | D        | Killed a vault warden
  6554 | D        | Reached skill level 10 in Evocations
  6569 | D        | Noticed a stone giant
  6585 | D        | Killed a stone giant
  6585 | D        | Received a gift from Okawaru
  6608 | D        | Received a gift from Okawaru
  6853 | D        | Noticed Boris
  6876 | D        | Killed Boris
  6876 | D        | Received a gift from Okawaru
  6910 | D        | Noticed Mara
  6941 | D        | Noticed pipel's illusion
  6945 | D        | Killed Mara
  6945 | D        | Reached skill level 27 in Fighting
  6945 | D        | Reached XP level 16. HP: 144/167 MP: 23/25
  6993 | D        | Noticed Xtahua
  7066 | D        | Killed Xtahua
  7263 | D        | Noticed Margery
  7286 | D        | Killed Margery
  7534 | D        | Received a gift from Okawaru
  7580 | D        | Gained mutation: You are frail (-10% HP). [mutagenic glow]
  7788 | D        | Learned a level 5 spell: Silence
  7789 | D        | Got a gossamer rune of Zot
  7797 | D        | Noticed Ilsuiw
  7802 | D        | Reached skill level 1 in Spellcasting
  7802 | D        | Reached skill level 1 in Hexes
  7803 | D        | Reached skill level 1 in Air Magic
  7817 | D        | Killed Ilsuiw
  7820 | D        | Reached skill level 5 in Hexes
  7820 | D        | Received a gift from Okawaru
  7850 | D        | Got a barnacled rune of Zot
  7975 | D        | Noticed a greater naga
  7986 | D        | Noticed a greater naga
  7987 | D        | Noticed a greater naga
  7987 | D        | Reached skill level 5 in Spellcasting
  7987 | D        | Killed a greater naga
  7987 | D        | Reached skill level 15 in Evocations
  7989 | D        | Noticed a greater naga
  7990 | D        | Reached XP level 17. HP: 153/156 MP: 28/28
  7995 | D        | Reached skill level 5 in Air Magic
  8016 | D        | Got a serpentine rune of Zot
  8154 | D        | Received a gift from Okawaru
  8157 | D        | Received a gift from Okawaru
  8226 | D        | Got a decaying rune of Zot
  8246 | D        | Noticed Louise
  8402 | D        | Noticed Nikola
  8443 | D        | Killed Louise
  8443 | D        | Reached skill level 10 in Hexes
  8454 | D        | Killed Nikola
  8754 | D        | Reached skill level 10 in Spellcasting
  8820 | D        | Received a gift from Okawaru
  8896 | D        | Noticed a tengu reaver
  8912 | D        | Reached XP level 18. HP: 163/163 MP: 33/33
  8944 | D        | Reached skill level 10 in Air Magic
  8952 | D        | Received a gift from Okawaru
  8964 | D        | Noticed Dispater
  9185 | D        | Killed Dispater
  9185 | D        | Reached skill level 27 in Shields
  9185 | D        | Reached skill level 15 in Hexes
  9193 | D        | Learned a level 6 spell: Deflect Missiles
  9381 | D        | Learned a level 5 spell: Yara's Violent Unravelling
  9388 | D        | Learned a level 6 spell: Freezing Cloud
  9396 | D        | Learned a level 7 spell: Ring of Flames
  9405 | D        | Learned a level 8 spell: Discord
  9424 | D        | Got a flickering lead ring
  9440 | D        | Noticed a quicksilver dragon
  9455 | D        | Noticed a quicksilver dragon
  9461 | D        | Received a gift from Okawaru
  9461 | D        | Reached skill level 5 in Charms
  9462 | D        | Killed a quicksilver dragon
  9462 | D        | Killed a quicksilver dragon
  9802 | D        | Got a twitching pewter ring
  9806 | D        | Got a silver rune of Zot
  9808 | D        | Got a brightly glowing bronze ring
  9812 | D        | Identified the ring of the Shining Light {+Blink rC+ Int+4 SInv Stlth+} (You found it in the Dungeon)
  9814 | D        | Identified the ring "Ehyst" {Fire +Fly} (You found it in the Dungeon)
  9816 | D        | Identified the ring "Odut" {SustAt MR+ SInv} (You found it in the Dungeon)
  9913 | D        | Got the ring of Agnosticism {SustAt Dex+3}
  9916 | D        | Got the ring "Plog" {rPois MR+}
  9919 | D        | Got the amulet "Homap" {Spirit Dex+3}
  9922 | D        | Got the amulet of Music {Dismiss rN+ Str+5}
  9924 | D        | Got the ring of Qothud {rPois rF+ Dex+5}
  9931 | D        | Got the +11 scythe of pipel's Instant Death {drain, *Rage rElec rC+ MP+9 Stlth+}
  9938 | D        | Got the +5 great mace of Taeczu {crush, rElec}
 10024 | D        | Noticed Frederick
 10049 | D        | Killed Frederick
 10049 | D        | Received a gift from Okawaru
 10049 | D        | Reached skill level 5 in Transmutations
 10250 | D        | Noticed Wiglaf
 10260 | D        | Killed Wiglaf
 10293 | D        | Noticed Mennas
 10316 | D        | Killed Mennas
 10316 | D        | Reached skill level 15 in Spellcasting
 10316 | D        | Reached skill level 10 in Charms
 10377 | D        | Noticed a golden dragon
 10377 | D        | Noticed a golden dragon
 10379 | D        | Noticed a golden dragon
 10386 | D        | Reached XP level 19. HP: 136/170 MP: 38/38
 10389 | D        | Killed a golden dragon
 10406 | D        | Killed a golden dragon
 10412 | D        | Killed a golden dragon
 10412 | D        | Received a gift from Okawaru
 10412 | D        | Reached skill level 27 in Armour
 10695 | D        | Noticed a tentacled monstrosity
 10709 | D        | Killed a tentacled monstrosity
 10712 | D        | Reached skill level 15 in Charms
 11197 | D        | Noticed a golden dragon
 11205 | D        | Received a gift from Okawaru
 11206 | D        | Reached skill level 5 in Polearms
 11217 | D        | Killed a golden dragon
 11217 | D        | Received a gift from Okawaru
 11221 | D        | Reached skill level 10 in Polearms
 11288 | D        | Noticed an orb of fire
 11306 | D        | Gained mutation: Scrolls take you a little longer to read. [an orb of fire]
 11310 | D        | Gained mutation: You are clumsy. (Dex -2) [an orb of fire]
 11330 | D        | Gained mutation: You regenerate slowly when monsters are visible. [an orb of fire]
 11343 | D        | Lost mutation: You regenerate slowly when monsters are visible. [an orb of fire]
 11354 | D        | Killed an orb of fire
 11363 | D        | Reached skill level 15 in Polearms
 11377 | D        | Received a gift from Okawaru
 12190 | D        | Lost mutation: Scrolls take you a little longer to read. [potion of cure mutation]
 12190 | D        | Lost mutation: You are frail (-10% HP). [potion of cure mutation]
 12190 | D        | Lost mutation: You are clumsy. (Dex -2) [potion of cure mutation]
 12235 | D        | Noticed an Orb Guardian
 12235 | D        | Noticed an Orb Guardian
 12235 | D        | Noticed an Orb Guardian
 12235 | D        | Noticed an Orb Guardian
 12235 | D        | Noticed an Orb Guardian
 12235 | D        | Noticed an Orb Guardian
 12240 | D        | Noticed an Orb Guardian
 12245 | D        | Killed an Orb Guardian
 12245 | D        | Reached XP level 20. HP: 190/196 MP: 44/44
 12248 | D        | Received a gift from Okawaru
 12284 | D        | Got a pair of ancient boots {god gift}
 12295 | D        | Identified the +2 pair of boots "Qoxer" {rC+} (Okawaru gifted it to you in the Dungeon)
 12353 | D        | Noticed a tentacled monstrosity
 12382 | D        | Killed a tentacled monstrosity
 12453 | D        | Noticed an ancient lich
 12469 | D        | Killed an ancient lich
 12473 | D        | Noticed an orb of fire
 12478 | D        | Gained mutation: Potions and wands are less effective at restoring your health. [an orb of fire]
 12485 | D        | Gained mutation: You are weak. (Str -2) [an orb of fire]
 12487 | D        | Killed an orb of fire
 12490 | D        | Noticed an electric golem
 12496 | D        | Killed an electric golem
 12496 | D        | Reached skill level 27 in Polearms
 12702 | D        | Noticed a Killer Klown
 12702 | D        | Noticed an orb of fire
 12702 | D        | Noticed an electric golem
 12705 | D        | Noticed an orb of fire
 12716 | D        | Killed an orb of fire
 12718 | D        | Noticed a golden dragon
 12740 | D        | Gained mutation: Your body sometimes deteriorates upon taking damage. [an orb of fire]
 12741 | D        | Killed an orb of fire
 12741 | D        | Reached skill level 10 in Ice Magic
 12741 | D        | Reached XP level 21. HP: 173/203 MP: 45/45
 12742 | D        | Reached skill level 15 in Dodging
 12746 | D        | Received a gift from Okawaru
 12746 | D        | Reached skill level 10 in Conjurations
 12760 | D        | Killed an electric golem
 12763 | D        | Noticed an ancient lich
 12770 | D        | Killed a golden dragon
 12774 | D        | Killed a Killer Klown
 12785 | D        | Killed an ancient lich
 12799 | D        | Reached skill level 15 in Ice Magic
 12819 | D        | Noticed an electric golem
 12829 | D        | Killed an electric golem
 13016 | D        | Reached skill level 15 in Conjurations
 13021 | D        | Received a gift from Okawaru
 13022 | D        | Reached skill level 5 in Fire Magic
 13024 | D        | Received a gift from Okawaru
 13028 | D        | Received a gift from Okawaru
 13075 | D        | Reached skill level 10 in Stealth
 13160 | D        | Noticed an ancient lich
 13165 | D        | Reached skill level 10 in Fire Magic
 13167 | D        | Noticed an ancient lich
 13206 | D        | Killed an ancient lich
 13206 | D        | Reached XP level 22. HP: 118/211 MP: 47/47
 13215 | D        | Killed an ancient lich
 13433 | D        | Reached skill level 15 in Stealth
 13478 | D        | Received a gift from Okawaru
 13530 | D        | Got an elven rune of Zot
 13595 | D        | Reached skill level 15 in Fire Magic
 13611 | D        | Noticed the Royal Jelly
 13646 | D        | Killed the Royal Jelly
 13646 | D        | Received a gift from Okawaru
 13954 | D        | Got a slimy rune of Zot
 14129 | D        | Reached XP level 23. HP: 192/218 MP: 48/50
 14133 | D        | Received a gift from Okawaru
 14134 | D        | Got a transparent cloak {god gift}
 14145 | D        | Identified the +2 cloak of Least Resistance {rElec Dex+5 Slay+2} (Okawaru gifted it to you in the Dungeon)
 14503 | D        | Lost mutation: Your body sometimes deteriorates upon taking damage. [potion of cure mutation]
 14503 | D        | Lost mutation: Potions and wands are less effective at restoring your health. [potion of cure mutation]
 14503 | D        | Lost mutation: You are weak. (Str -2) [potion of cure mutation]
 14511 | D        | Noticed a greater mummy
 14535 | D        | Killed a greater mummy
 14576 | D        | Noticed a greater mummy
 14576 | D        | Noticed a greater mummy
 14576 | D        | Noticed a greater mummy
 14576 | D        | Noticed a greater mummy
 14584 | D        | HP: 2/218 [greater mummy/divine providence (13)]
 14585 | D        | Slain by a greater mummy

Skill      XL: |  1  2  3  4  5  6  7  8  9 10 11 12 13 14 15 16 17 18 19 20 21 22 23 |
---------------+----------------------------------------------------------------------+-----
Shields        | 4 7 8 10 11 12 13 14 15 20 25 27 | 27.0
Armour         | 4 6 7 8 9 10 12 14 17 20 22 24 25 26 27 | 27.0
Fighting       | 6 7 8 9 11 12 13 15 19 21 24 27 | 27.0
Staves         | 3 4 6 8 11 12 14 | 14.1
Dodging        | 1 2 4 5 6 8 9 10 11 12 13 14 15 16 | 16.6
Invocations    | 1 2 3 |  3.6
Throwing       | 1 2 3 5 6 7 |  7.6
Stealth        | 6 7 13 21 22 | 22.7
Evocations     | 1 5 8 12 15 | 15.4
Spellcasting   | 5 11 15 20 21 23 | 23.7
Hexes          | 7 13 15 17 | 17.5
Air Magic      | 4 9 13 14 | 14.3
Charms         | 11 17 19 | 19.5
Transmutations | 6 |  6.0
Polearms       | 17 27 | 27.0
Conjurations   | 9 17 21 | 21.9
Ice Magic      | 10 18 19 | 19.0
Fire Magic     | 11 18 | 18.9

Action                   |  1- 3 |  4- 6 |  7- 9 | 10-12 | 13-15 | 16-18 | 19-21 | 22-24 || total
-------------------------+-------+-------+-------+-------+-------+-------+-------+-------++-------
Melee: Quarterstaff      |    14 |     4 |       |       |    10 |   117 |       |       ||   145
       Lajatang          |       |    25 |    71 |   410 |   313 |   367 |   251 |       ||  1437
       Scythe            |       |       |       |       |       |       |   230 |   232 ||   462
Throw: Throwing net      |       |       |     2 |     5 |       |     1 |       |       ||     8
       Javelin           |       |       |       |       |     7 |    24 |    19 |     8 ||    58
 Cast: Deflect Missiles  |       |       |       |       |       |     1 |     1 |       ||     2
       Silence           |       |       |       |       |       |       |     1 |     6 ||     7
       Freezing Cloud    |       |       |       |       |       |       |     1 |       ||     1
       Ring of Flames    |       |       |       |       |       |       |       |     7 ||     7
Invok: Heroism           |       |       |     2 |     6 |    10 |    13 |     3 |       ||    34
       Finesse           |       |       |       |       |       |     2 |     2 |     1 ||     5
 Abil: Evoke Invisibilit |       |       |       |       |       |     3 |       |       ||     3
       Turn Visible      |       |       |       |       |       |     1 |       |       ||     1
Evoke: Wand              |       |     2 |       |     3 |     2 |       |       |       ||     7
       Lamp of fire      |       |       |       |     4 |    22 |    36 |    25 |    10 ||    97
  Use: Potion            |     1 |       |     1 |     7 |     6 |     2 |     1 |     2 ||    20
       Scroll            |       |       |       |     2 |       |       |     6 |       ||     8
 Stab: Invisible         |       |       |       |     6 |       |    26 |       |       ||    32
       Held in net/web   |       |       |       |     7 |       |       |       |       ||     7
       Distracted        |       |       |       |       |     1 |       |       |     1 ||     2
  Eat: Chunk             |       |       |       |     8 |     3 |       |       |     1 ||    12
       Bread ration      |       |       |       |     1 |       |     4 |     2 |     2 ||     9
       Meat ration       |       |       |       |       |     1 |       |       |       ||     1
       Fruit             |       |       |       |       |     1 |       |       |       ||     1
Armor: Scale mail        |     5 |     3 |       |       |       |       |       |       ||     8
       Chain mail        |       |     7 |    12 |    26 |       |       |       |       ||    45
       Plate armour      |       |       |       |    12 |    61 |    87 |     7 |       ||   167
       Gold dragon armou |       |       |       |       |       |       |    97 |    46 ||   143
Dodge: Dodged            |     4 |    11 |    17 |    85 |    51 |    89 |    54 |    45 ||   356
       Deflected         |       |       |       |       |       |     1 |    18 |     5 ||    24
Block: Shield            |     5 |    18 |    32 |   124 |       |       |       |       ||   179
       Large shield      |       |       |       |    56 |   216 |   383 |   298 |   195 ||  1148
